 Dungeon Crawl Stone Soup version 0.27.1 (webtiles) character file.

Game seed: 15704294221740983662

231 Atelerd the Digger (level 6, -3/36 HPs)
             Began as an Octopode Earth Elementalist on Sept 2, 2021.
             Was an Initiate of Sif Muna.
             Slain by an ogre (17 damage)
             ... on level 4 of the Dungeon.
             The game lasted 00:03:24 (4716 turns).

Atelerd the Digger (Octopode Earth Elementalist)    Turns: 4716, Time: 00:03:24

Health: -3/36      AC:  1    Str:  7    XL:     6   Next: 4%
Magic:  6/11       EV: 13    Int: 19    God:    Sif Muna [......]
Gold:   162        SH:  0    Dex: 13    Spells: 7/12 levels left

rFire    . . .     SeeInvis .   e - +0 dagger
rCold    . . .     Faith    .   (no shield)
rNeg     . . .     Spirit   .   (helmet restricted)
rPois    +         Reflect  .   (no amulet)
rElec    .         Harm     .   l - ring of poison resistance
rCorr    .         Rampage  .   (no ring)
Will     .....                  (no ring)
Stlth    +++.......             (no ring)
HPRegen  0.12/turn              (no ring)
MPRegen  0.12/turn              (no ring)
                                (no ring)
                                (no ring)

@: no status effects
A: almost no armour, amphibious, 8 rings, camouflage 1, gelatinous body 1,
(nimble swimmer 1), tentacles
a: Renounce Religion


You were on level 4 of the Dungeon.
You worshipped Sif Muna.
Sif Muna was noncommittal.
You visited 2 branches of the dungeon, and saw 5 of its levels.

You collected 162 gold pieces.

Inventory:

Hand Weapons
 e - a +0 dagger (weapon)
Missiles
 b - 51 stones
Armour
 j - a +0 buckler
Jewellery
 l - a ring of poison resistance (left tentacle)
Scrolls
 c - a scroll of immolation {unknown}
 g - a scroll of identify {unknown}
 k - a scroll of acquirement {unknown}
 n - a scroll of enchant armour {unknown}
Potions
 a - 2 potions of heal wounds {unknown}
 d - 3 potions of magic {unknown}
 f - a potion of degeneration {unknown}
 h - a potion of cancellation {unknown}
 i - a potion of brilliance {unknown}
 m - 2 potions of might {unknown}


   Skills:
 - Level 2.0 Dodging
 - Level 2.6 Stealth
 + Level 3.5 Spellcasting
 + Level 3.3 Transmutations
 + Level 4.4 Earth Magic


You had 7 spell levels left.
You knew the following spells:

 Your Spells              Type           Power      Damage    Failure   Level
a - Sandblast             Erth           40%        2d10      2%          1
b - Petrify               Tmut/Erth      18%        N/A       28%         4

Your spell library contained the following spells:

 Spells                   Type           Power      Damage    Failure   Level
 Passwall                 Tmut/Erth      15%        N/A       4%          2
 Animate Skeleton         Necr           6%         N/A       14%         1
 Pain                     Necr           12%        1d4       14%         1
 Stone Arrow              Conj/Erth      22%        3d8       17%         3
 Vampiric Draining        Necr           1%         2d6       41%         3


Dungeon Overview and Level Annotations

Branches:
Dungeon (4/15)             Temple (1/1) D:4

Altars:
Ashenzari
Cheibriados
Dithmenos
Elyvilon
Fedhas
Gozag
Kikubaaqudgha
Nemelex Xobeh
Okawaru
Qazlal
Ru
Sif Muna
Trog
Vehumet
Wu Jian
Zin
The Shining One

Shops:
D:1 [   D:3 (


Innate Abilities, Weirdness & Mutations

You cannot wear most types of armour.
You are amphibious.
You can wear up to eight rings at the same time.
Your skin changes colour to match your surroundings (Stealth+).
Your rubbery body absorbs attacks. (AC +1, EV +1)
((You are camouflaged near water. (Stealth+)))
You have tentacles for arms and can constrict up to eight enemies at once.


Message History

Casting: Sandblast (safe; 2% risk of failure)
Confirm with . or Enter, or press ? or * to list all spells.
Aiming: Sandblast (safe; 2% risk of failure)
Press: ? - help, Shift-Dir - straight line, f/p - ogre
Aim: an ogre, wielding a +0 giant club (moderately wounded, 91% to hit)
The blast of sand hits the ball python!
You kill the ball python!
Sif Muna accepts your kill.
Unknown command.
Casting: Sandblast (safe; 2% risk of failure)
Confirm with . or Enter, or press ? or * to list all spells.
Aiming: Sandblast (safe; 2% risk of failure)
Press: ? - help, Shift-Dir - straight line, f/p - ogre
Aim: an ogre, wielding a +0 giant club (moderately wounded, 91% to hit)
The blast of sand hits the ogre.
The ogre is moderately wounded.
Casting: Sandblast (safe; 2% risk of failure)
Confirm with . or Enter, or press ? or * to list all spells.
Aiming: Sandblast (safe; 2% risk of failure)
Press: ? - help, Shift-Dir - straight line, f/p - ogre
Aim: an ogre, wielding a +0 giant club (moderately wounded, 91% to hit)
The blast of sand misses the ogre.
The ogre hits you with a +0 giant club!
Unknown command.
Casting: Sandblast (safe; 2% risk of failure)
Confirm with . or Enter, or press ? or * to list all spells.
Aiming: Sandblast (safe; 2% risk of failure)
Press: ? - help, Shift-Dir - straight line, f/p - ogre
Aim: an ogre, wielding a +0 giant club (moderately wounded, 91% to hit)
The blast of sand hits the ogre.
The ogre is heavily wounded.
The ogre hits you with a +0 giant club.
Casting: Sandblast (safe; 2% risk of failure)
Confirm with . or Enter, or press ? or * to list all spells.
Aiming: Sandblast (safe; 2% risk of failure)
Press: ? - help, Shift-Dir - straight line, f/p - ogre
Aim: an ogre, wielding a +0 giant club (heavily wounded, 91% to hit)
The blast of sand hits the ogre!
The ogre is almost dead.
The ogre hits you with a +0 giant club!
You die...

###.........### ####..........##
#.......#.##...# ......#####....#
#......#....#..##### #..
#..................# ....
......#.####.......##....
#..########....#O#[......# .#.
##............##@.....#.. .#.
#........[..###......... ####...
##..).....#.##......#.#.##....[.
##..##...####....###.#.........
###...##...†.....###...##........
#..............#........#.......#
#..#...#...##....##..>..##......#
#.###.###.........#..÷.....#....#
#. #...#..........##...###.......


You could see an ogre.

Vanquished Creatures
  A hound (D:4)
  Terence (D:2)
  An iguana (D:4)
  5 adders
  3 worms
  2 dart slugs
  An orc (D:3)
  7 bats
  9 endoplasms
  3 giant cockroaches
  6 goblins
  6 hobgoblins
  15 jackals
  8 quokkas
  7 ball pythons
  5 frilled lizards
  4 kobolds
  3 rats
87 creatures vanquished.

Notes
Turn   | Place    | Note
-------+----------+-------------------------------------------
     0 | D:1      | Atelerd the Octopode Earth Elementalist began the quest for
                  | the Orb.
     0 | D:1      | Reached XP level 1. HP: 11/11 MP: 3/3
   360 | D:1      | Reached XP level 2. HP: 12/17 MP: 1/5
  1091 | D:1      | Reached XP level 3. HP: 21/21 MP: 4/6
  1302 | D:1      | Found Epet's Antique Armour Shop.
  2024 | D:2      | Noticed Terence
  2037 | D:2      | Killed Terence
  2038 | D:2      | Reached XP level 4. HP: 17/27 MP: 0/8
  2148 | D:2      | Found a broken altar of Ashenzari.
  2854 | D:3      | Reached skill level 4 in Earth Magic
  2897 | D:3      | Reached XP level 5. HP: 31/31 MP: 6/9
  3372 | D:3      | Found Foury's Antique Weapon Shop.
  3984 | D:4      | Found a staircase to the Ecumenical Temple.
  4003 | Temple   | Entered the Ecumenical Temple
  4118 | Temple   | Became a worshipper of Sif Muna the Loreminder
  4364 | D:4      | Found a radiant altar of Vehumet.
  4418 | D:4      | Reached XP level 6. HP: 9/36 MP: 0/11
  4423 | D:4      | Learned a level 4 spell: Petrify
  4686 | D:4      | Noticed a black bear
  4716 | D:4      | Slain by an ogre

Illustrated notes

Levels and vault maps discovered:
D:1:      scummos_arrival_simple_fountains, layout_loops_cross, serial_shops,
          nicolae_shop_crystal
D:2:      layout_basic, basic_altar, uniq_terence
D:3:      layout_loops_ring, serial_shops, nicolae_shop_stone
D:4:      layout_cave_pools, vehumet_crystals, minmay_temple_entry_slanted,
          serial_shops, nicolae_stop_n_shop_2, ebering_ghost_disaster_area
Temple:   regret_index_temple_waves

Skill      XL: |  1  2  3  4  5 |
---------------+----------------+-----
Transmutations | 2 3 |  3.3
Spellcasting   | 3 |  3.5
Earth Magic    | 4 |  4.4
Dodging        | |  2.0
Stealth        | |  2.6

Action                   |  1- 3 |  4- 6 || total
-------------------------+-------+-------++-------
Melee: Unarmed           |    15 |       ||    15
       Constrict         |     8 |    11 ||    19
       Tentacles         |     3 |     3 ||     6
       Dagger            |    12 |    36 ||    48
 Cast: Sandblast         |    49 |    86 ||   135
 Stab: Sleeping          |     1 |       ||     1
Armor: Skin              |     3 |     5 ||     8
Dodge: Dodged            |    31 |    73 ||   104
